 Dungeon Crawl Stone Soup version 0.30-b1-2-g02819fbbbe (webtiles) character file.

Game seed: 4280029896143088117

679 raph the Summoner (level 7, -2/40 HPs)
             Began as a Tengu Summoner on Nov 14, 2023.
             Was a Follower of Ashenzari.
             Killed by divine providence
             ... invoked by an orc priest
              (11 damage)
             ... on level 5 of the Dungeon.
             The game lasted 00:09:43 (4900 turns).

raph the Summoner (Tengu Summoner)                  Turns: 4900, Time: 00:09:44

Health: -2/40      AC:  8    Str:  8    XL:     7   Next: 60%
Magic:  7/12       EV: 16    Int: 17    God:    Ashenzari [*.....]
Gold:   352        SH:  0    Dex: 15    Spells: 3/12 levels left

rFire   . . .        a - +3 dagger (venom)
rCold   . . .        (no shield)
rNeg    . . .        c - +0 robe
rPois   .            (helmet restricted)
rElec   .            f - +1 cloak of Ashenzari's Adversity {Will+, Bglg, Melee} (curse)
rCorr   .            (no gloves)
SInv    .            (boots unavailable)
Will    +....        (no amulet)
Stlth   ++           i - ring of the Cosmic Inaction {AC+4, Range, Evo} (curse)
HPRegen 0.26/turn    n - ring of wizardry
MPRegen 0.13/turn

%: wizardry (x1)
@: flying quickly and evasively, quick
A: beak, talons 3, nimble flight
a: Renounce Religion, Shatter the Chains


You were on level 5 of the Dungeon.
You worshipped Ashenzari.
Ashenzari was aware of your devotion.
You visited 1 branch of the dungeon, and saw 5 of its levels.

You collected 352 gold pieces.

Inventory:

Hand Weapons
 a - a +3 dagger of venom (weapon)
 k - a +0 dagger
Missiles
 s - a throwing net
Armour
 c - a +0 robe (worn)
 f - the cursed +1 cloak of Ashenzari's Adversity (worn) {Will+, Bglg, Melee}
   (You took it off Crazy Yiuf on level 3 of the Dungeon)

   It has a curse which improves the following skills: Beguiling: Conjurations,
   Hexes and Translocations.
   Melee Combat: Short Blades, Long Blades, Axes, Maces & Flails, Polearms,
   Staves and Unarmed Combat.
Jewellery
 g - a ring of positive energy
 i - the cursed ring of the Cosmic Inaction (left hand) {AC+4, Range, Evo}
   (You found it on level 1 of the Dungeon)

   [ring of protection]

   AC:        It affects your AC (+4).
   It has a curse which improves the following skills: Ranged Combat: Ranged
   Weapons and Throwing.
   Evocations: Evocations.
 n - a ring of wizardry (right hand)
Wands
 h - a wand of iceblast (10)
Potions
 b - a potion of magic
 d - 3 potions of heal wounds
 e - 6 potions of curing
 j - 3 potions of attraction
 l - 2 potions of berserk rage
 m - a potion of brilliance
 o - a potion of cancellation
 p - a potion of haste
 q - a potion of might
 r - a potion of flight


   Skills:
 + Level 2.5 Fighting
 + Level 3.0(3.7) Short Blades
 + Level 3.8 Dodging
 - Level 2.0 Stealth
 + Level 3.2 Spellcasting
 * Level 8.2 Summonings


You had 3 spell levels left.
You knew the following spells:

 Your Spells              Type           Power      Damage    Failure   Level
a - Summon Small Mammal   Summ           100%       N/A       1%          1
b - Call Imp              Summ           60%        N/A       1%          2
c - Call Canine Familiar  Summ           30%        N/A       1%          3
d - Summon Guardian Gole  Hex/Summ       16%        N/A       4%          3

Your spell library contained the following spells:

 Spells                   Type           Power      Damage    Failure   Level
 Freeze                   Ice            8%         1d3       7%          1
 Frozen Ramparts          Ice            4%         1d1       21%         3
 Hailstorm                Conj/Ice       2%         3d3       21%         3
 Summon Lightning Spire   Summ/Air       16%        N/A       12%         4
 Ice Form                 Ice/Tmut       2%         N/A       52%         4
 Simulacrum               Ice/Necr       1%         N/A       100%        6
 Chain Lightning          Conj/Air       1%         3d1       100%        9
 Fire Storm               Conj/Fire      1%         7d1       100%        9
 Shatter                  Erth           1%         3d5*      100%        9


Dungeon Overview and Level Annotations

Branches:
Dungeon (5/15)
 Temple: D:4-7

Altars:
Ashenzari
Dithmenos
Fedhas
Gozag
Wu Jian
The Shining One


Innate Abilities, Weirdness & Mutations

You have a beak for a mouth.
You have claws for feet.
Your magical nature lets you fly swiftly and evasively.


Message History

Your bat closely misses the orc wizard.
The hound barely misses your cerulean imp.
Your cerulean imp hits the black bear with a -1 spear.
Your hound closely misses the orc wizard.
The orc wizard casts a spell at your bat.
The puff of flame hits your bat!
Your bat dies!
Your bat's corpse disappears in a puff of smoke!
The hound closely misses your cerulean imp.
Your hound barely misses the orc wizard.
Your cerulean imp hits the black bear with a -1 spear.
The orc hits your hound with a +0 mace.
The orc wizard mumbles some strange words.
The orc wizard flickers and vanishes!
The orc wizard casts a spell at your hound.
The puff of flame hits your hound.
The orc priest invokes the aid of Beogh against you.
Beogh smites you!
* * * LOW HITPOINT WARNING * * *
The orc wizard gestures at you while chanting.
The magic dart hits you.
* * * LOW HITPOINT WARNING * * *
Your hound misses the orc wizard.
Your hound bites the orc wizard but does no damage.
Your cerulean imp hits the black bear but does no damage.
The orc wizard gestures at you while chanting.
You resist with almost no effort.
The orc wizard gestures wildly while chanting.
The orc wizard flickers and vanishes!
The black bear goes berserk!
The hound closely misses you.
Your hound barely misses something.
The black bear rages.
Your cerulean imp hits the black bear from afar with a -1 spear.
The orc priest misses your hound.
The scorpion stings your guardian golem but does no damage.
Your hound closely misses something.
Your hound closely misses something.
Something closely misses your hound.
The orc priest invokes the aid of Beogh against you.
Beogh smites you!
You die...

#.....### ......#
#...#..### #.oo(########
#........###
#.h..#......#
#......#†..# #...5.....#
#......#...# #.........#
####...#...##.#o.os.....#
####.....#.#.h.9.....#
#...#...#h####.####
#....>###@# .#
#...#.###.# .#
#####...#.#######
###.#.......# #.#.#####.#
#.#######.# #).)).....#
###########


You could see a black bear (berserk, poisoned, ally target), a hound, an orc
priest, an orc wizard, 2 orcs, a friendly hound (summoned, sheltered) and a
friendly cerulean imp (summoned, sheltered).

Vanquished Creatures
  2 scorpions
  A hound (D:5)
  An orc priest (D:4)
  Robin (D:3)
  6 adders
  4 gnolls (D:5)
  A worm (D:2)
  2 dart slugs (D:4)
  2 orcs
  5 endoplasms
  A giant cockroach (D:3)
  14 goblins
  7 hobgoblins
  5 jackals (D:1)
  4 quokkas
  7 ball pythons
  4 bats
  A frilled lizard (D:2)
  3 kobolds
  8 rats
79 creatures vanquished.

Vanquished Creatures (collateral kills)
  A phantom (D:4)
  A scorpion (D:5)
  2 orc priests (D:4)
  Crazy Yiuf (D:3)
  An orc wizard (D:4)
  Terence (D:3)
  An adder (D:4)
  A worm (D:4)
  A dart slug (D:2)
  8 orcs
  4 bats
  3 endoplasms
  3 goblins
  A hobgoblin (D:3)
  3 jackals (D:1)
  A ball python (D:3)
  3 frilled lizards
  2 kobolds (D:1)
38 creatures vanquished.

Vanquished Creatures (others)
  A fungus (D:3)
1 creature vanquished.

Grand Total: 118 creatures vanquished

Notes
Turn   | Place    | Note
-------+----------+-------------------------------------------
     0 | D:1      | raph the Tengu Summoner began the quest for the Orb.
     0 | D:1      | Reached XP level 1. HP: 10/10 MP: 4/4
    28 | D:1      | Reached skill level 5 in Summonings
    89 | D:1      | Found a faded altar of an unknown god.
   164 | D:1      | Reached XP level 2. HP: 3/15 MP: 3/6
   288 | D:1      | Learned a level 2 spell: Call Imp
   586 | D:1      | Reached XP level 3. HP: 16/19 MP: 7/7
   590 | D:1      | Learned a level 3 spell: Call Canine Familiar
   630 | D:1      | Reached skill level 6 in Summonings
  1582 | D:2      | Reached XP level 4. HP: 17/24 MP: 5/8
  2053 | D:2      | Found a broken altar of Ashenzari.
  2088 | D:2      | Became a worshipper of Ashenzari the Shackled
  2230 | D:3      | Reached skill level 1 in Short Blades
  2232 | D:3      | Gained mutation: Your magical nature lets you fly swiftly
                  | and evasively. [Tengu growth]
  2232 | D:3      | Reached XP level 5. HP: 19/28 MP: 7/9
  2243 | D:3      | Noticed Robin
  2253 | D:3      | Killed Robin
  2385 | D:3      | Noticed Terence
  2394 | D:3      | Killed Terence
  2395 | D:3      | Reached skill level 7 in Summonings
  2397 | D:3      | Reached skill level 1 in Fighting
  2519 | D:3      | Found a runed translucent door.
  2520 | D:3      | Noticed Crazy Yiuf
  2923 | D:3      | Reached XP level 6. HP: 34/34 MP: 10/10
  2927 | D:3      | Learned a level 3 spell: Summon Guardian Golem
  3267 | D:3      | Killed Crazy Yiuf
  4106 | D:4      | Reached XP level 7. HP: 29/40 MP: 2/12
  4443 | D:4      | Found a glowing golden altar of the Shining One.
  4526 | D:4      | Found an ornate altar of the Wu Jian Council.
  4526 | D:4      | Found an opulent altar of Gozag.
  4532 | D:4      | Found a broken altar of Ashenzari.
  4534 | D:4      | Found a shadowy altar of Dithmenos.
  4536 | D:4      | Found a faded altar of an unknown god.
  4610 | D:5      | Entered Level 5 of the Dungeon
  4682 | D:5      | Found a blossoming altar of Fedhas.
  4731 | D:5      | Reached skill level 8 in Summonings
  4736 | D:5      | Reached * piety under Ashenzari
  4900 | D:5      | Killed from afar by an orc priest

Illustrated notes

Levels and vault maps discovered:
D:1:      nicolae_arrival_memento_mori, layout_loops_ring,
          hellmonk_ecumenical_altar_leap_of_faith
D:2:      minmay_razor_zed, layout_basic, basic_altar
D:3:      layout_basic, minmay_misc_feat_alley, minmay_cupped,
          uniq_crazy_yiuf_cottage, uniq_robin, uniq_terence
D:4:      layout_rooms, chequers_temple_overflow_minitemple,
          mainiacjoe_overflow_small_starburst
D:5:      layout_basic, fedhas_altar_1

Skill      XL: |  1  2  3  4  5  6  7 |
---------------+----------------------+-----
Summonings     | 5 6 7 8 |  8.2
Short Blades   | 1 2 3 |  3.0
Fighting       | 1 2 |  2.5
Dodging        | 3 |  3.8
Spellcasting   | 3 |  3.2
Stealth        | |  2.0

Action                     |  1- 3 |  4- 6 |  7- 9 || total
---------------------------+-------+-------+-------++-------
  Melee: Unarmed           |    14 |       |       ||    14
         Kick              |    23 |    24 |    17 ||    64
         Peck              |     6 |    15 |    13 ||    34
         Punch             |     2 |       |     1 ||     3
         Dagger            |    62 |    99 |    47 ||   208
   Cast: Summon Small Mamm |    20 |    18 |     3 ||    41
         Call Imp          |     8 |    13 |     4 ||    25
         Call Canine Famil |     2 |    11 |     5 ||    18
         Summon Guardian G |       |     4 |     2 ||     6
 Invoke: Curse Item        |       |     1 |     1 ||     2
    Use: Potion            |     1 |       |       ||     1
         Scroll            |     6 |     8 |       ||    14
   Stab: Sleeping          |     4 |     1 |     1 ||     6
         Distracted        |       |     1 |     1 ||     2
 Armour: Robe              |    21 |    37 |    13 ||    71
  Dodge: Dodged            |    47 |    76 |    36 ||   159
